 Dungeon Crawl Stone Soup version 0.29-a0-474-gdfe5cd1 (webtiles) character file.

Game seed: 7839388141272589973

2410 Toastz the Cleaver (level 9, 0/83 HPs)
             Began as a Hill Orc Fighter on May 23, 2022.
             Was a Believer of Nemelex Xobeh.
             Shot with a sling bullet by Joseph (8 damage)
             ... on level 7 of the Dungeon.
             The game lasted 00:13:06 (7665 turns).

Toastz the Cleaver (Hill Orc Fighter)               Turns: 7665, Time: 00:13:07

Health: 0/83       AC: 10    Str: 23    XL:     9   Next: 47%
Magic:  12/12      EV:  9    Int:  8    God:    Nemelex Xobeh [**....]
Gold:   336        SH:  5    Dex: 10    Spells: 8/8 levels left

rFire   . . .      SeeInvis +   a - +0 war axe
rCold   + . .      Faith    .   c - +0 buckler
rNeg    . . .      Spirit   .   r - +2 scale mail {rC+}
rPois   .          Reflect  .   (no helmet)
rElec   .          Harm     .   (no cloak)
rCorr   .          Rampage  .   (no gloves)
Will    .....                   o - +0 pair of boots
Stlth   ..........              (no amulet)
HPRegen 0.23/turn               e - ring of wizardry
MPRegen 0.13/turn               x - ring of see invisible

@: mighty
A: no striking features
a: Renounce Religion, Draw Escape, Draw Destruction, Draw Summoning


You were on level 7 of the Dungeon.
You worshipped Nemelex Xobeh.
Nemelex Xobeh was pleased with you.
You visited 1 branch of the dungeon, and saw 7 of its levels.

You collected 336 gold pieces.

Inventory:

Hand Weapons
 a - a +0 war axe (weapon)
Missiles
 g - 6 boomerangs of dispersal
 j - 16 poisoned darts (quivered)
 q - 93 stones
 C - a throwing net
Armour
 c - a +0 buckler (worn)
 o - a +0 pair of boots (worn)
 r - a +2 scale mail of cold resistance (worn)
Jewellery
 d - a ring of ice
 e - a ring of wizardry (left hand)
 x - a ring of see invisible (right hand)
Wands
 b - a wand of iceblast (13)
 v - a wand of polymorph (13)
Scrolls
 k - 2 scrolls of teleportation
 l - a scroll of magic mapping
 m - 2 scrolls of immolation
 u - a scroll of amnesia {unknown}
 w - a scroll of poison
 y - a scroll of enchant weapon
 A - a scroll of fear {unknown}
 B - a scroll of silence {unknown}
Potions
 f - a potion of magic {unknown}
 h - 2 potions of brilliance
 i - 4 potions of haste
 n - 3 potions of curing
 p - 2 potions of lignification
 s - a potion of might
 t - a potion of attraction
 z - a potion of heal wounds {unknown}


   Skills:
 + Level 9.0 Fighting
 * Level 12.1 Axes
 + Level 3.7 Armour
 - Level 5.0 Shields
 - Level 4.0 Invocations


You had 8 spell levels left.
You didn't know any spells.
Your spell library contained the following spells:

 Spells                   Type           Power      Damage    Failure   Level
 Blink                    Tloc           0%         N/A       61%         2
 Ensorcelled Hibernation  Hex/Ice        0%         N/A       61%         2
 Passwall                 Tmut/Erth      0%         N/A       61%         2
 Frozen Ramparts          Ice            0%         1d2       82%         3
 Lesser Beckoning         Tloc           0%         N/A       82%         3
 Ozocubu's Armour         Ice            0%         N/A       82%         3
 Swiftness                Air            0%         N/A       82%         3
 Ice Form                 Ice/Tmut       0%         N/A       99%         4
 Summon Ice Beast         Ice/Summ       0%         N/A       99%         4
 Manifold Assault         Tloc           0%         N/A       100%        5
 Metabolic Englaciation   Hex/Ice        0%         N/A       100%        5
 Simulacrum               Ice/Necr       0%         N/A       100%        6


Dungeon Overview and Level Annotations

Branches:
Dungeon (7/15)             Temple (0/1) D:5

Altars:
Nemelex Xobeh
Uskayaw
Wu Jian
Yredelemnul
The Shining One

Shops:
D:6 !

Annotations:
D:5 1 runed translucent door, 2 transporters, SuisLittleHoshiymin's ghost, novice NaMo
D:7 Joseph


Message History

There is a stone staircase leading down here.
You start resting.
HP restored.
Okay, then.
You climb downwards.
Level annotation: Joseph The orc shouts!
There is a stone staircase leading up, spattered with blood here.
You feel very mighty all of a sudden.
Joseph shoots a sling bullet.
The sling bullet hits you!
Joseph shoots a sling bullet.
The sling bullet hits you!
Joseph unwields a +0 hunting sling.
Joseph wields a +5 vorpal quarterstaff.
Joseph hits you with a +5 vorpal quarterstaff.
You closely miss Joseph.
Joseph hits you with a +5 vorpal quarterstaff!
You barely miss Joseph.
Joseph hits you with a +5 vorpal quarterstaff.
You closely miss the orc. You closely miss Joseph.
The orc hits you but does no damage.
Joseph hits you with a +5 vorpal quarterstaff!
You draw a card...
You have drawn Vitriol.
Press: ? - help, Shift-Dir - straight line, f - Joseph
Aim: Joseph, wielding a +5 vorpal quarterstaff and wearing a +0 ring mail The glob of acid hits Joseph!
The acid corrodes Joseph!
Joseph is lightly wounded.
The orc hits you with a +0 hand axe. Joseph hits you but does no damage.
Joseph attacks as you move away!
Joseph hits you with a +5 vorpal quarterstaff!
* * * LOW HITPOINT WARNING * * *
x2 Joseph unwields a +5 vorpal quarterstaff.
Joseph wields a +0 hunting sling.
Joseph shoots a sling bullet.
The sling bullet hits you but does no damage.
Joseph shoots a sling bullet.
The sling bullet hits you!
* * * LOW HITPOINT WARNING * * *
There is a stone staircase leading up, spattered with blood here.
The orc closely misses you.
Joseph shoots a sling bullet.
The sling bullet hits you!
You die...
Your body glows slightly and disappears.

#. ..#####
....... .......
....... .......
......@###+####
..............#
######..o@..[.+
#....)!..#
#####.......#
##........#
##...#####
#..... #..####
#... #..#.


You could see Joseph (corroded) and an orc.

Vanquished Creatures
  2 water moccasins
  2 black bears
  2 ogres (D:4)
  2 ice beasts (D:6)
  2 centaurs (D:6)
  2 bullfrogs
  4 necrophages (D:6)
  4 scorpions
  A wight (D:6)
  A crimson imp (D:4)
  A centaur zombie (D:6)
  A human zombie (D:6)
  A gnoll shaman (D:5)
  2 orc priests
  3 hounds
  Terence (D:3)
  2 iguanas (D:6)
  6 orc wizards
  A killer bee zombie (D:6)
  3 mummies (D:6)
  A howler monkey zombie (D:6)
  7 adders
  7 gnolls
  A shadow imp (D:5)
  2 white imps
  3 dart slugs
  22 orcs
  6 ball pythons
  6 bats
  8 endoplasms
  5 giant cockroaches
  2 goblins (D:2)
  9 hobgoblins
  11 jackals
  5 kobolds
  5 frilled lizards
  8 rats
151 creatures vanquished.

Vanquished Creatures (others)
  A goblin (D:4)
1 creature vanquished.

Grand Total: 152 creatures vanquished

Notes
Turn   | Place    | Note
-------+----------+-------------------------------------------
     0 | D:1      | Toastz the Hill Orc Fighter began the quest for the Orb.
     0 | D:1      | Reached XP level 1. HP: 19/19 MP: 1/1
   170 | D:1      | Reached skill level 3 in Axes
   170 | D:1      | Reached XP level 2. HP: 23/27 MP: 2/2
   342 | D:1      | Reached XP level 3. HP: 29/33 MP: 3/3
  1242 | D:2      | Found a faded altar of an unknown god.
  1277 | D:2      | Reached XP level 4. HP: 41/41 MP: 4/4
  1902 | D:3      | Noticed Terence
  1911 | D:3      | Reached skill level 4 in Axes
  1919 | D:3      | Killed Terence
  2358 | D:3      | Reached XP level 5. HP: 47/47 MP: 5/5
  2364 | D:3      | Reached skill level 5 in Fighting
  2895 | D:3      | Found a sparkling altar of Nemelex Xobeh.
  2907 | D:3      | Became a worshipper of Nemelex Xobeh the Trickster
  3003 | D:4      | Noticed an ogre
  3007 | D:4      | Killed an ogre
  3008 | D:4      | Reached skill level 5 in Axes
  3008 | D:4      | Reached XP level 6. HP: 56/56 MP: 6/6
  3124 | D:4      | Reached skill level 5 in Shields
  3352 | D:4      | Reached skill level 6 in Axes
  3377 | D:4      | Found a glowing golden altar of the Shining One.
  3446 | D:4      | Noticed a black bear
  3451 | D:4      | Killed a black bear
  3452 | D:4      | Reached XP level 7. HP: 58/63 MP: 7/7
  3552 | D:4      | Reached skill level 7 in Axes
  3903 | D:4      | You fall into a shaft and drop 1 floor!
  3903 | D:5      | Entered Level 5 of the Dungeon
  3903 | D:5      | Found an ornate altar of the Wu Jian Council.
  4015 | D:5      | Reached * piety under Nemelex Xobeh
  4184 | D:5      | Found a staircase to the Ecumenical Temple.
  4192 | D:5      | Received a gift from Nemelex Xobeh
  4213 | D:5      | Reached skill level 8 in Axes
  4213 | D:5      | Reached skill level 1 in Invocations
  4441 | D:5      | Noticed a +0 spear
  4447 | D:5      | Found a hide-covered altar of Uskayaw.
  4447 | D:5      | Noticed a +0 falchion
  4448 | D:5      | Noticed a +0 short sword
  4448 | D:5      | Noticed a +0 dagger
  4449 | D:5      | Noticed a +0 spear
  4449 | D:5      | Noticed a +0 dagger
  4450 | D:5      | Noticed a +0 falchion
  4451 | D:5      | Noticed a +0 short sword
  4477 | D:5      | Found a runed translucent door.
  4508 | D:5      | Found a transporter.
  4527 | D:5      | Reached XP level 8. HP: 47/71 MP: 9/9
  4741 | D:5      | Noticed SuisLittleHoshiymin's ghost (novice NaMo)
  5194 | D:5      | Found a transporter.
  5422 | D:5      | Reached skill level 9 in Axes
  5586 | D:6      | Received a gift from Nemelex Xobeh
  5638 | D:6      | Reached ** piety under Nemelex Xobeh
  6337 | D:6      | Reached skill level 10 in Axes
  6558 | D:6      | Reached XP level 9. HP: 54/81 MP: 12/12
  6672 | D:6      | Found Sotanw Fenest's Distillery.
  6773 | D:6      | Found a basalt altar of Yredelemnul.
  6843 | D:6      | Reached skill level 11 in Axes
  7444 | D:7      | Reached skill level 12 in Axes
  7472 | D:7      | Noticed Joseph
  7665 | D:7      | Shot with a sling bullet by Joseph

Illustrated notes

Levels and vault maps discovered:
D:1:      co_arrival_square_in_a_square_in_a_square, layout_basic
D:2:      layout_basic, hellmonk_ecumenical_altar_blasted
D:3:      layout_rooms, mainiacjoe_overflow_alcove_4, st_stairs_7,
          minmay_misc_feat_plants, minmay_fractal_squares_5, uniq_terence
D:4:      layout_basic, tso_oasis_becter, hangedman_abyss_or_decor_stabs,
          minmay_fire_ice_demons
D:5:      gammafunk_cloud_chamber, layout_cave_pods,
          nicolae_wu_jian_wuxing_cycle, nicolae_uskayaw_en_pointe,
          minmay_temple_entry_glass, hellmonk_ghost_happy_afterlife
D:6:      layout_gridville, lemuel_mausoleum_altar_yredelemnul,
          nicolae_stop_n_shop_2
D:7:      layout_basic, amcnicky_altar_gilded, kennysheep_mini_moat,
          nicolae_elyvilon_temple_path, gammafunk_ghost_wrathful_warriors,
          minmay_manual_moon, uniq_joseph

Skill      XL: |  1  2  3  4  5  6  7  8  9 |
---------------+----------------------------+-----
Axes           | 3 4 5 6 8 10 12 | 12.1
Fighting       | 4 5 6 8 9 |  9.0
Shields        | 4 5 |  5.0
Invocations    | 1 4 |  4.0
Armour         | |  3.7

Action                   |  1- 3 |  4- 6 |  7- 9 || total
-------------------------+-------+-------+-------++-------
Melee: War axe           |    91 |   132 |   273 ||   496
Throw: Dart              |       |     4 |     2 ||     6
Invok: Draw Destruction  |       |       |     1 ||     1
Evoke: Wand              |       |     3 |       ||     3
  Use: Potion            |       |     1 |     1 ||     2
       Scroll            |       |    10 |     2 ||    12
Armor: Scale mail        |    42 |    58 |   143 ||   243
Dodge: Dodged            |    46 |    61 |   134 ||   241
Block: Buckler           |    24 |    32 |    86 ||   142

Table legend: (Time is in decaauts)
 A = Elapsed time spent in this place.
 B = Non-inter-level travel time spent in this place.
 C = Inter-level travel time spent in this place.
 D = Time resting spent in this place.
 E = Time spent auto-exploring this place.
 F = Levels seen in this place.
 G = Mean time per level.
                   A        B        C        D        E       F      G
               +--------+--------+--------+--------+--------+-----+--------+
         Total |   7759 |   7547 |    212 |   1251 |   5141 |   7 | 1108.4 |
       Dungeon |   7759 |   7547 |    212 |   1251 |   5141 |   7 | 1108.4 |
               +--------+--------+--------+--------+--------+-----+--------+

Top non-repeatable levels by time:
     D:6: 1943 daAuts
     D:4: 1413 daAuts
     D:5: 1337 daAuts
     D:3: 1140 daAuts
     D:1: 954 daAuts
     D:2: 914 daAuts
     D:7: 55 daAuts
